[ AOE2 MATCH · #474605488 ]
UnrankedGeorgians vs None
Rival team · LOSS
[ REPLAY ANALYSIS · EXTRACTED FROM THE RECORDED GAME ]
Feudal
8:07
Castle
19:08
Imperial
36:13
| APM avg | 58.2 |
| APM peak | 103 |
| eAPM avg | 26.8 |
| Villagers / military | 135 / 86 |
Focus
⚔️ 25.3% · 🌾 74.7%
Cavalry Archer ×41 · Knight ×37 · Fishing Ship ×9 · Unknown (2626) ×6 · Monk ×4 · Trebuchet (Packed) ×3
Feudal
8:04
Castle
19:56
Imperial
—
| APM avg | 51.9 |
| APM peak | 78 |
| eAPM avg | 26.0 |
| Villagers / military | 126 / 114 |
Focus
⚔️ 30.6% · 🌾 69.4%
Archer ×46 · Camel Scout ×30 · Skirmisher ×26 · Militia ×5 · Unknown (2626) ×5 · Fishing Ship ×3
Match map
Initial resources + every placement click. Lines = walls · curves = elevation contours. ◆ gold · ⬟ stone · ● berries · ✦ relic · ◌ wall gap
Your base· Open — 8t gap
CQ.SeronoSer's base· Open — 6t gap
Smoothed initial terrain · ◌ = detected wall gap · hover for details
Inputs per minute
— Ciruelitaruby - - CQ.SeronoSer
Build order — Ciruelitaruby
First 150 of 441 actions detected
| 0:03 | Build | Town Center |
| 0:57 | Create | Villager (Male) |
| 0:57 | Create | Villager (Male) |
| 1:16 | Create | Villager (Male) |
| 1:48 | Create | Villager (Male) |
| 1:48 | Create | Villager (Male) |
| 2:39 | Build | Dock |
| 2:49 | Create | Villager (Male) |
| 3:09 | Create | Villager (Male) |
| 3:23 | Build | House |
| 3:29 | Create | Fishing Ship |
| 3:30 | Create | Villager (Male) |
| 3:41 | Create | Villager (Male) |
| 3:45 | Build | House |
| 3:58 | Build | Palisade Wall |
| 4:12 | Create | Fishing Ship |
| 4:21 | Create | Villager (Male) |
| 4:52 | Build | House |
| 5:04 | Create | Villager (Male) |
| 5:23 | Research | Loom |
| 5:31 | Research | Feudal Age |
| 5:52 | Create | Fishing Ship |
| 6:07 | Create | Fishing Ship |
| 6:13 | Build | Palisade Wall |
| 6:26 | Build | Palisade Wall |
| 6:53 | Build | Palisade Wall |
| 7:13 | Build | Mule Cart |
| 7:18 | Create | Villager (Male) |
| 7:32 | Build | Palisade Wall |
| 7:47 | Build | House |
| 8:07 | Age | Feudal Age |
| 8:08 | Create | Unit 2626 |
| 8:08 | Create | Unit 2626 |
| 8:14 | Create | Villager (Male) |
| 8:27 | Research | Double-Bit Axe |
| 8:34 | Create | Villager (Male) |
| 8:43 | Build | Palisade Wall |
| 8:45 | Build | Palisade Wall |
| 8:55 | Build | Palisade Gate |
| 9:06 | Create | Villager (Male) |
| 9:13 | Build | Palisade Wall |
| 9:22 | Build | House |
| 9:28 | Create | Unit 2626 |
| 9:28 | Create | Villager (Male) |
| 9:38 | Create | Villager (Male) |
| 9:41 | Build | Palisade Wall |
| 9:53 | Create | Villager (Male) |
| 9:57 | Build | Palisade Wall |
| 9:59 | Build | Palisade Wall |
| 10:00 | Build | Palisade Wall |
| 10:07 | Create | Villager (Male) |
| 10:16 | Build | Watch Tower |
| 10:29 | Build | Blacksmith |
| 10:32 | Create | Villager (Male) |
| 10:37 | Build | Palisade Wall |
| 10:49 | Create | Villager (Male) |
| 11:02 | Build | House |
| 11:03 | Build | House |
| 11:08 | Create | Villager (Male) |
| 11:25 | Build | Outpost |
| 11:42 | Build | Mill |
| 12:18 | Create | Villager (Male) |
| 12:32 | Create | Villager (Male) |
| 12:38 | Create | Fishing Ship |
| 12:39 | Create | Fishing Ship |
| 13:07 | Build | Farm |
| 13:09 | Build | Farm |
| 13:10 | Build | Farm |
| 13:11 | Build | House |
| 13:12 | Build | House |
| 13:31 | Create | Unit 2626 |
| 13:31 | Create | Unit 2626 |
| 13:33 | Create | Villager (Male) |
| 13:43 | Build | Farm |
| 14:00 | Create | Villager (Male) |
| 14:09 | Create | Villager (Male) |
| 14:21 | Build | Barracks |
| 14:23 | Build | Farm |
| 14:36 | Create | Villager (Male) |
| 14:53 | Create | Villager (Male) |
| 15:04 | Build | Farm |
| 15:27 | Build | Archery Range |
| 15:38 | Create | Villager (Male) |
| 15:54 | Create | Fishing Ship |
| 16:03 | Create | Villager (Male) |
| 16:11 | Research | Castle Age |
| 16:17 | Build | Palisade Wall |
| 16:24 | Build | House |
| 16:30 | Create | Villager (Male) |
| 16:34 | Build | Farm |
| 16:48 | Research | Fletching |
| 16:55 | Build | Archery Range |
| 16:56 | Build | Palisade Wall |
| 17:05 | Build | Farm |
| 17:21 | Create | Fishing Ship |
| 17:39 | Build | Stable |
| 17:56 | Research | Horse Collar |
| 18:00 | Research | Gold Mining |
| 18:23 | Research | Bloodlines |
| 18:52 | Build | Farm |
| 19:01 | Create | Fishing Ship |
| 19:08 | Age | Castle Age |
| 19:09 | Create | Cavalry Archer |
| 19:09 | Create | Cavalry Archer |
| 19:10 | Research | Bodkin Arrow |
| 19:12 | Create | Cavalry Archer |
| 19:21 | Create | Villager (Male) |
| 19:27 | Build | Market |
| 19:28 | Create | Cavalry Archer |
| 19:30 | Create | Villager (Male) |
| 19:35 | Research | Bow Saw |
| 19:43 | Create | Unit 2626 |
| 20:00 | Create | Cavalry Archer |
| 20:01 | Create | Cavalry Archer |
| 20:01 | Create | Villager (Male) |
| 20:11 | Research | Town Watch |
| 20:14 | Create | Villager (Male) |
| 20:30 | Create | Cavalry Archer |
| 20:31 | Create | Villager (Male) |
| 20:46 | Build | House |
| 20:48 | Build | Palisade Wall |
| 20:59 | Create | Villager (Male) |
| 21:01 | Build | Town Center |
| 21:06 | Create | Cavalry Archer |
| 21:07 | Research | Padded Archer Armor |
| 21:07 | Create | Villager (Male) |
| 21:16 | Create | Villager (Male) |
| 21:29 | Build | House |
| 21:30 | Build | House |
| 21:34 | Create | Villager (Male) |
| 21:40 | Create | Villager (Male) |
| 22:00 | Build | Farm |
| 22:05 | Create | Cavalry Archer |
| 22:05 | Create | Cavalry Archer |
| 22:05 | Create | Villager (Male) |
| 22:08 | Build | Farm |
| 22:10 | Create | Villager (Male) |
| 22:20 | Create | Villager (Male) |
| 22:37 | Create | Cavalry Archer |
| 22:37 | Create | Cavalry Archer |
| 22:44 | Create | Villager (Male) |
| 22:51 | Build | Palisade Wall |
| 22:53 | Build | Farm |
| 22:53 | Build | Farm |
| 22:53 | Build | Farm |
| 22:53 | Build | Farm |
| 22:56 | Create | Villager (Male) |
| 23:18 | Build | Monastery |
| 23:22 | Create | Villager (Male) |
| 23:30 | Create | Villager (Male) |
Build order — CQ.SeronoSer
First 150 of 422 actions detected
| 0:02 | Build | Town Center |
| 0:43 | Build | Lumber Camp |
| 1:13 | Create | Villager (Male) |
| 1:13 | Create | Villager (Male) |
| 1:14 | Create | Villager (Male) |
| 1:14 | Create | Villager (Male) |
| 1:16 | Create | Villager (Male) |
| 1:16 | Create | Villager (Male) |
| 1:19 | Build | Dock |
| 2:13 | Create | Villager (Male) |
| 2:14 | Create | Villager (Male) |
| 2:21 | Create | Villager (Male) |
| 2:22 | Create | Villager (Male) |
| 2:48 | Create | Fishing Ship |
| 2:48 | Create | Fishing Ship |
| 3:00 | Create | Villager (Male) |
| 3:00 | Create | Villager (Male) |
| 3:18 | Build | House |
| 3:40 | Create | Villager (Male) |
| 3:40 | Create | Villager (Male) |
| 3:40 | Create | Villager (Male) |
| 3:41 | Create | Villager (Male) |
| 3:55 | Create | Villager (Male) |
| 4:14 | Create | Fishing Ship |
| 5:05 | Build | House |
| 5:22 | Research | Loom |
| 5:36 | Build | Barracks |
| 5:59 | Research | Feudal Age |
| 6:14 | Research | Loom |
| 6:18 | Build | House |
| 6:41 | Create | Militia |
| 6:42 | Create | Militia |
| 6:54 | Build | Mining Camp |
| 7:24 | Build | Mill |
| 7:34 | Create | Militia |
| 7:53 | Build | House |
| 8:04 | Age | Feudal Age |
| 8:08 | Create | Villager (Male) |
| 8:10 | Research | Man-at-Arms (upgrade) |
| 8:37 | Build | House |
| 8:48 | Build | Archery Range |
| 8:50 | Create | Villager (Male) |
| 8:59 | Create | Unit 2626 |
| 8:59 | Create | Unit 2626 |
| 9:01 | Create | Villager (Male) |
| 9:05 | Build | House |
| 9:17 | Build | House |
| 9:19 | Create | Spearman |
| 9:22 | Create | Spearman |
| 9:37 | Create | Archer |
| 9:38 | Create | Villager (Male) |
| 9:45 | Research | Double-Bit Axe |
| 9:50 | Build | Palisade Wall |
| 10:06 | Create | Unit 2626 |
| 10:07 | Create | Villager (Male) |
| 10:26 | Build | House |
| 10:27 | Create | Villager (Male) |
| 10:38 | Create | Villager (Male) |
| 10:45 | Build | House |
| 10:49 | Build | Palisade Wall |
| 10:54 | Create | Archer |
| 10:55 | Create | Villager (Male) |
| 10:55 | Create | Villager (Male) |
| 10:56 | Create | Villager (Male) |
| 10:59 | Build | Palisade Wall |
| 10:59 | Build | Palisade Wall |
| 11:01 | Build | Palisade Wall |
| 11:25 | Build | House |
| 11:32 | Create | Unit 2626 |
| 11:32 | Create | Unit 2626 |
| 11:43 | Build | Mill |
| 11:46 | Build | Farm |
| 11:57 | Create | Villager (Male) |
| 12:05 | Create | Villager (Male) |
| 12:07 | Create | Archer |
| 12:29 | Create | Villager (Male) |
| 12:47 | Create | Archer |
| 12:55 | Build | Blacksmith |
| 12:57 | Build | House |
| 13:03 | Build | Farm |
| 13:04 | Create | Villager (Male) |
| 13:04 | Create | Villager (Male) |
| 13:05 | Build | Farm |
| 13:27 | Create | Villager (Male) |
| 13:30 | Build | Farm |
| 13:31 | Build | Farm |
| 13:34 | Build | House |
| 13:40 | Create | Archer |
| 13:43 | Build | Farm |
| 13:53 | Create | Villager (Male) |
| 14:02 | Build | Farm |
| 14:08 | Create | Villager (Male) |
| 14:15 | Build | House |
| 14:21 | Create | Villager (Male) |
| 14:26 | Research | Stone Mining |
| 14:31 | Create | Archer |
| 14:53 | Create | Archer |
| 14:55 | Create | Villager (Male) |
| 15:14 | Build | House |
| 15:16 | Create | Villager (Male) |
| 15:30 | Build | Market |
| 15:31 | Create | Villager (Male) |
| 15:56 | Create | Villager (Male) |
| 15:59 | Create | Archer |
| 16:08 | Build | House |
| 16:42 | Build | House |
| 16:45 | Create | Villager (Male) |
| 17:00 | Build | House |
| 17:02 | Create | Villager (Male) |
| 17:16 | Build | House |
| 17:28 | Research | Castle Age |
| 17:33 | Research | Fletching |
| 17:44 | Build | House |
| 17:51 | Build | House |
| 18:00 | Create | Villager (Male) |
| 18:01 | Create | Archer |
| 18:07 | Build | Stable |
| 18:16 | Create | Villager (Male) |
| 18:16 | Create | Archer |
| 18:42 | Create | Villager (Male) |
| 18:48 | Build | Lumber Camp |
| 18:58 | Research | Gold Mining |
| 19:26 | Build | Stable |
| 19:56 | Age | Castle Age |
| 19:57 | Build | Town Center |
| 19:59 | Research | Bow Saw |
| 20:25 | Research | Bodkin Arrow |
| 20:25 | Research | Bodkin Arrow |
| 20:41 | Build | House |
| 20:48 | Create | Villager (Male) |
| 21:12 | Create | Villager (Male) |
| 21:19 | Build | Farm |
| 21:19 | Build | Farm |
| 21:21 | Build | House |
| 21:38 | Research | Crossbowman (upgrade) |
| 21:41 | Create | Villager (Male) |
| 21:49 | Build | House |
| 21:55 | Build | University |
| 21:58 | Create | Archer |
| 22:09 | Build | Farm |
| 22:10 | Create | Archer |
| 22:11 | Create | Villager (Male) |
| 22:30 | Create | Villager (Male) |
| 22:37 | Create | Archer |
| 22:37 | Create | Cavalry Archer |
| 22:52 | Build | House |
| 22:53 | Create | Archer |
| 22:59 | Build | Archery Range |
| 23:00 | Build | Farm |
| 23:01 | Build | Farm |
Match timeline
| 1:19 | CQ.SeronoSer · first_building Dock |
| 2:39 | Ciruelitaruby · first_building Dock |
| 3:58 | Ciruelitaruby · wall_segment Palisade Wall x7 |
| 5:36 | CQ.SeronoSer · first_building Barracks |
| 6:13 | Ciruelitaruby · wall_segment Palisade Wall x3 |
| 6:26 | Ciruelitaruby · wall_segment Palisade Wall x2 |
| 6:53 | Ciruelitaruby · wall_segment Palisade Wall x4 |
| 7:32 | Ciruelitaruby · wall_segment Palisade Wall x3 |
| 8:04 | CQ.SeronoSer · age_up feudal |
| 8:07 | Ciruelitaruby · age_up feudal |
| 8:43 | Ciruelitaruby · wall_segment Palisade Wall x3 |
| 8:45 | Ciruelitaruby · wall_segment Palisade Wall x6 |
| 8:48 | CQ.SeronoSer · first_building Archery Range |
| 9:13 | Ciruelitaruby · wall_segment Palisade Wall x1 |
| 9:41 | Ciruelitaruby · wall_segment Palisade Wall x1 |
| 9:50 | CQ.SeronoSer · wall_segment Palisade Wall x4 |
| 9:57 | Ciruelitaruby · wall_segment Palisade Wall x1 |
| 9:59 | Ciruelitaruby · wall_segment Palisade Wall x1 |
| 10:00 | Ciruelitaruby · wall_segment Palisade Wall x2 |
| 10:37 | Ciruelitaruby · wall_segment Palisade Wall x2 |
| 10:49 | CQ.SeronoSer · wall_segment Palisade Wall x6 |
| 10:59 | CQ.SeronoSer · wall_segment Palisade Wall x6 |
| 10:59 | CQ.SeronoSer · wall_segment Palisade Wall x1 |
| 11:01 | CQ.SeronoSer · wall_segment Palisade Wall x1 |
| 14:21 | Ciruelitaruby · first_building Barracks |
| 15:27 | Ciruelitaruby · first_building Archery Range |
| 16:17 | Ciruelitaruby · wall_segment Palisade Wall x11 |
| 16:48 | CQ.SeronoSer · first_market_sell 100 wood |
| 16:49 | CQ.SeronoSer · first_market_buy 100 food |
| 16:56 | Ciruelitaruby · wall_segment Palisade Wall x1 |
| 17:39 | Ciruelitaruby · first_building Stable |
| 18:07 | CQ.SeronoSer · first_building Stable |
| 19:08 | Ciruelitaruby · age_up castle |
| 19:56 | CQ.SeronoSer · age_up castle |
| 20:48 | Ciruelitaruby · wall_segment Palisade Wall x6 |
| 20:57 | Ciruelitaruby · first_market_sell 100 wood |
| 20:58 | Ciruelitaruby · first_market_buy 100 stone |
| 22:51 | Ciruelitaruby · wall_segment Palisade Wall x16 |
| 23:18 | Ciruelitaruby · first_building Monastery |
| 23:26 | CQ.SeronoSer · wall_segment Palisade Wall x7 |
| 28:36 | CQ.SeronoSer · first_building Monastery |
| 34:54 | Ciruelitaruby · first_building Castle |
| 36:13 | Ciruelitaruby · age_up imperial |
| 36:24 | CQ.SeronoSer · first_building Castle |
| 41:26 | CQ.SeronoSer · resign |
[ AI ANALYSIS · 1 CREDIT ]
What really happened in this match?
Wolo.gg analyzes every decision: build order, eco, micro, common mistakes by bracket. Personalized analysis on WhatsApp or Discord in 30 seconds.
Civ guide
Georgians
Perfil
Jugador #2811441